 Dungeon Crawl Stone Soup version 0.31-a0-174-g85c54bcb58 (webtiles) character file.

Game seed: 13616587957798461123

30 AlphaV0851 the Grave Robber (level 3, -2/24 HPs)
             Began as a Demonspawn Necromancer on June 15, 2023.
             Slain by a jelly (3 damage)
             ... on level 3 of the Dungeon.
             The game lasted 00:11:25 (1975 turns).

AlphaV0851 the Grave Robber (DsNe)                  Turns: 1975, Time: 00:11:25

Health: -2/24      AC:  0    Str:  8    XL:     3   Next: 5%
Magic:  1/6        EV: 11    Int: 18    God:
Gold:   126        SH:  3    Dex: 13    Spells: 5/6 levels left

rFire   . . .        (no weapon)
rCold   . . .        i - +0 buckler
rNeg    . . .        d - +0 leather armour
rPois   .            (no helmet)
rElec   .            (no cloak)
rCorr   .            (no gloves)
SInv    .            (no boots)
Will    .....        (no amulet)
Stlth   ++           (no ring)
HPRegen 0.24/turn    (no ring)
MPRegen 0.10/turn

%: no passive effects
@: corroded
A: foul stench 1
a: no special abilities


You were on level 3 of the Dungeon.
You visited 1 branch of the dungeon, and saw 3 of its levels.

You collected 126 gold pieces.

Inventory:

Hand Weapons
 n - a +0 whip
Armour
 a - a +0 robe
 d - a +0 leather armour (worn)
 i - a +0 buckler (worn)
Scrolls
 f - a scroll of fear {unknown}
 g - a scroll of torment {unknown}
 h - 2 scrolls of immolation {unknown}
 j - a scroll of summoning {unknown}
 k - a scroll of amnesia {unknown}
 l - a scroll of vulnerability {unknown}
 m - 3 scrolls of identify {unknown}
 o - a scroll of teleportation {unknown}
Potions
 b - a potion of magic
 c - 2 potions of berserk rage {unknown}
 e - a potion of curing {unknown}


   Skills:
 + Level 0.8 Armour
 + Level 2.1 Dodging
 + Level 2.2 Stealth
 + Level 2.2 Spellcasting
 + Level 4.6 Necromancy


You had 5 spell levels left.
You knew the following spells:

 Your Spells              Type           Power      Damage    Failure   Level
a - Necrotise             Necr           72%        1d7       6%          1

Your spell library contained the following spells:

 Spells                   Type           Power      Damage    Failure   Level
 Vampiric Draining        Necr           18%        2d7       19%         3
 Animate Dead             Necr           18%        N/A       52%         4
 Agony                    Necr           18%        N/A       86%         5


Dungeon Overview and Level Annotations

Branches:
Dungeon (3/15)

Altars:


Innate Abilities, Weirdness & Mutations

You may rarely emit foul miasma when damaged in melee.


Message History

The jelly barely resists.
Your rat skeleton bites the jelly.
The acid corrodes your rat skeleton!
Your rat skeleton is burned by acid!
The jelly hits you. The acid corrodes you!
You are splashed with acid.
Casting: Necrotise (safe; 6% risk of failure)
Confirm with . or Enter, or press ? or * to list all spells.
Aiming: Necrotise (safe; 6% risk of failure)
Press: ? - help, Shift-Dir - straight line, f/p - jelly
Aim: a jelly (moderately wounded, ally target, chance to affect: 83%)
The jelly writhes in agony.
You block the jelly's attack.
Your rat skeleton bites the jelly.
Your rat skeleton is burned by acid!
Your rat skeleton is destroyed!
Casting: Necrotise (safe; 6% risk of failure)
Confirm with . or Enter, or press ? or * to list all spells.
Aiming: Necrotise (safe; 6% risk of failure)
Press: ? - help, Shift-Dir - straight line, f/p - jelly
Aim: a jelly (heavily wounded, chance to affect: 83%)
The jelly writhes in agony.
The jelly barely misses you.
Really attack while wielding nothing? [Y]es or [N]o only, please.
Really attack while wielding nothing? [Y]es or [N]o only, please.
Really attack while wielding nothing? [Y]es or [N]o only, please.
Really attack while wielding nothing? [Y]es or [N]o only, please.
Really attack while wielding nothing? [Y]es or [N]o only, please.
Really attack while wielding nothing?
You hit the jelly but do no damage.
Your hands burn!
The jelly is heavily wounded.
The jelly barely misses you. The jelly attacks as you move away!
The jelly closely misses you. The jelly attacks as you move away!
The jelly hits you.
You are splashed with acid!
* * * LOW HITPOINT WARNING * * *
The jelly barely misses you. The jelly attacks as you move away!
The jelly hits you.
You die...

#.########
#.#......# ..
#####.#.####.# # .
.<...#....#.# #.#(
#.>.####.#.# #....
#...#.<#.#.#
#....##...##.#.#.#
#..........J.#.#.#
#.....(....#@#.#.#
+...(.#....#.#.#.#
#.....#........#.#
.......#....#..<#.#
##.....#....#.###.#
###...#..........#
#####..##..#####
#......# #..##.##


You could see a jelly.

Vanquished Creatures
  An adder (D:2)
  4 ball pythons (D:1)
  A bat (D:1)
  2 endoplasms
  A giant cockroach (D:1)
  3 quokkas
  2 frilled lizards (D:1)
  2 kobolds
  2 rats
18 creatures vanquished.

Vanquished Creatures (collateral kills)
  2 ball pythons (D:1)
2 creatures vanquished.

Grand Total: 20 creatures vanquished

Notes
Turn   | Place    | Note
-------+----------+-------------------------------------------
     0 | D:1      | AlphaV0851 the Demonspawn Necromancer began the quest for
                  | the Orb.
     0 | D:1      | Reached XP level 1. HP: 13/13 MP: 3/3
   255 | D:1      | Gained mutation: You may rarely emit foul miasma when
                  | damaged in melee. [demonic ancestry]
   255 | D:1      | Reached XP level 2. HP: 19/19 MP: 3/5
  1515 | D:2      | Reached XP level 3. HP: 21/24 MP: 2/6
  1973 | D:3      | HP: 1/24 [acid (10)]
  1975 | D:3      | Slain by a jelly

Illustrated notes

Levels and vault maps discovered:
D:1:      psy_arrival_terrarium, layout_basic, minmay_misc_feat_secret_circle,
          nicolae_kite_square_tiling_tiny, minmay_shallow_snake_nest
D:2:      layout_loops_corners
D:3:      minmay_spotlight, layout_basic, pdpol_wu_jian_five_deadly_venoms,
          ebering_ghost_disaster_area

Skill      XL: |  1  2 |
---------------+-------+-----
Stealth        | 2 |  2.2
Dodging        | 2 |  2.1
Armour         | |  0.8
Spellcasting   | |  2.2
Necromancy     | |  4.6

Action                     || total
---------------------------++-------
  Melee: Unarmed           ||    31
         Punch             ||     1
   Cast: Necrotise         ||    30
 Armour: Robe              ||     5
         Leather armour    ||     3
  Dodge: Dodged            ||    33
  Block: Buckler           ||     1

Table legend: (Time is in decaauts)
 A = Elapsed time spent in this place.
 B = Non-inter-level travel time spent in this place.
 C = Inter-level travel time spent in this place.
 D = Time resting spent in this place.
 E = Time spent auto-exploring this place.
 F = Levels seen in this place.
 G = Mean time per level.
                   A        B        C        D        E       F      G
               +--------+--------+--------+--------+--------+-----+--------+
         Total |   1974 |   1974 |      0 |      0 |   1422 |   3 |  658.0 |
       Dungeon |   1974 |   1974 |      0 |      0 |   1422 |   3 |  658.0 |
               +--------+--------+--------+--------+--------+-----+--------+

Top non-repeatable levels by time:
     D:1: 999 daAuts
     D:2: 916 daAuts
     D:3: 58 daAuts
